 Dungeon Crawl Stone Soup version 0.27-a0-1595-g0b823d0a13 (webtiles) character file.

Game seed: 6158288517689657015

886 hatdisgam the Covert (level 8, -2/67 HPs)
             Began as a Gnoll Delver on July 21, 2021.
             Slain by an orc (4 damage)
             ... on level 4 of the Dungeon.
             The game lasted 00:04:20 (5083 turns).

hatdisgam the Covert (Gnoll Delver)                 Turns: 5083, Time: 00:04:20

Health: -2/67      AC:  3    Str: 12    XL:     8   Next: 5%
Magic:  12/12      EV: 12    Int: 11    God:
Gold:   232        SH:  9    Dex: 20    Spells: 11/12 levels left

rFire    . . .     SeeInvis .   i - +2 dagger (venom)
rCold    . . .     Faith    .   s - +0 kite shield
rNeg     . . .     Spirit   .   b - +0 leather armour
rPois    .         Reflect  .   (no helmet)
rElec    .         Harm     .   (no cloak)
rCorr    .         Rampage  .   (no gloves)
Will     .....                  (no boots)
Stlth    ++++......             (no amulet)
HPRegen  0.21/turn              j - +6 ring of dexterity
MPRegen  0.13/turn              (no ring)

@: brilliant
A: fangs 1, strong nose, distributed training
a: no special abilities


You were on level 4 of the Dungeon.
You visited 1 branch of the dungeon, and saw 6 of its levels.

You collected 232 gold pieces.

Inventory:

Hand Weapons
 a - a +0 falchion
 i - a +2 dagger of venom (weapon)
Armour
 b - a +0 leather armour (worn)
 s - a +0 kite shield (worn)
Jewellery
 j - a +6 ring of dexterity (left hand)
 o - a +6 ring of strength
Wands
 g - a wand of digging (3)
 y - a wand of iceblast (6)
Scrolls
 c - a scroll of fog
 d - a scroll of magic mapping
 e - a scroll of fear
 h - 2 scrolls of amnesia {unknown}
 n - a scroll of vulnerability {unknown}
 r - a scroll of blinking {unknown}
 t - a scroll of identify {unknown}
 u - a scroll of enchant weapon {unknown}
 v - a scroll of noise {unknown}
 w - a scroll of enchant armour {unknown}
Potions
 f - a potion of haste
 k - a potion of brilliance
 l - a potion of heal wounds {unknown}
 m - a potion of mutation {unknown}
 p - a potion of berserk rage {unknown}
 q - a potion of magic {unknown}
 x - a potion of curing {unknown}


   Skills:
 + Level 7.2 Fighting
 + Level 2.9 Short Blades
 + Level 5.4 Long Blades
 + Level 2.9 Axes
 + Level 2.9 Maces & Flails
 + Level 2.9 Polearms
 + Level 2.9 Staves
 + Level 2.9 Slings
 + Level 2.9 Bows
 + Level 2.9 Crossbows
 + Level 2.9 Throwing
 + Level 2.9 Armour
 + Level 5.4 Dodging
 + Level 10.0 Stealth
 + Level 2.9 Shields
 + Level 2.9 Unarmed Combat
 + Level 2.9 Spellcasting
 + Level 2.3 Conjurations
 + Level 2.3 Hexes
 + Level 2.3 Summonings
 + Level 2.3 Necromancy
 + Level 2.3 Translocations
 + Level 2.3 Transmutations
 + Level 2.3 Fire Magic
 + Level 2.3 Ice Magic
 + Level 2.3 Air Magic
 + Level 2.3 Earth Magic
 + Level 2.3 Poison Magic
 + Level 3.2 Invocations
 + Level 2.9 Evocations


You had 11 spell levels left.
You knew the following spells:

 Your Spells              Type           Power      Damage    Failure   Level
a - Shock                 Conj/Air       40%        1d5       52%         1

Your spell library contained the following spells:

 Spells                   Type           Power      Damage    Failure   Level
 Ensorcelled Hibernation  Hex/Ice        20%        N/A       67%         2
 Spider Form              Tmut/Pois      5%         N/A       88%         3
 Swiftness                Air            10%        N/A       88%         3
 Airstrike                Air            5%         N/A       99%         4
 Shadow Creatures         Summ           N/A        N/A       100%        6


Dungeon Overview and Level Annotations

Branches:
Dungeon (6/15)
 Temple: D:4-7

Altars:
Nemelex Xobeh
Okawaru
Qazlal


Innate Abilities, Weirdness & Mutations

You have very sharp teeth.
Your uncanny sense of smell can sniff out nearby items.
Your experience applies equally to all skills.


Message History

Found a scroll labelled KYAJIS YRHI.
The orc priest hits you with a +1 trident of protection!
You block the orc's attack.
Things that are here:
a +0 club; a +0 ring mail Unknown command.
You hit the orc priest but do no damage.
You block the orc priest's attack. The orc completely misses you.
You closely miss the orc priest.
The orc priest calls down the wrath of Beogh upon you.
Beogh smites you!
* * * LOW HITPOINT WARNING * * *
You block the orc's attack. The orc priest closely misses you.
Unknown command.
You hit the orc priest but do no damage.
The orc hits you with a +0 short sword.
* * * LOW HITPOINT WARNING * * *
You block the orc priest's attack.
Unknown command.
You hit the orc priest but do no damage.
Your bite misses the orc priest. The orc completely misses you.
You block the orc priest's attack.
Unknown command.
You hit the orc priest but do no damage.
The orc priest is poisoned.
The orc hits you with a +0 short sword.
* * * LOW HITPOINT WARNING * * *
The orc priest hits you with a +1 trident of protection.
* * * LOW HITPOINT WARNING * * *
Unknown command.
You hit the orc priest but do no damage.
You bite the orc priest, but do no damage.
The orc priest is moderately wounded.
The orc hits you with a +0 short sword.
* * * LOW HITPOINT WARNING * * *
The orc priest completely misses you. The orc hits you but does no damage.
Unknown command.
It was a potion of brilliance.
You feel clever all of a sudden. You block the orc priest's attack.
The orc hits you with a +0 short sword.
You die...

#..#... .. #..#### #
#.## #..# #. #..#
#..#### ##.#
#.#########...... ##...#
#........#.......
#.....##........#..#####
......o#o.......#..#
.......@...........#
?......#).......#.##
#.....##........#.#
##...# #..........# ##.#
############ ##


You could see an orc priest (very poisoned) and an orc.

Vanquished Creatures
  A black bear (D:2)
  3 ogres
  Blork the orc (D:4)
  A bullfrog (D:4)
  2 centaur zombies (D:5)
  An orc priest (D:4)
  A centaur skeleton (D:6)
  Natasha (thrice) (D:2)
  3 iguanas
  An orc wizard (D:5)
  2 adders
  An adder skeleton (D:3)
  2 dart slugs
  8 orcs
  4 bats
  5 endoplasms
  4 giant cockroaches
  3 goblins (D:1)
  6 hobgoblins
  6 jackals (D:3)
  6 kobolds
  4 quokkas
  8 ball pythons
  6 frilled lizards
  2 rats (D:3)
84 creatures vanquished.

Notes
Turn   | Place    | Note
-------+----------+-------------------------------------------
     0 | D:5      | Reached skill level 9 in Stealth
     0 | D:5      | hatdisgam the Gnoll Delver began the quest for the Orb.
     0 | D:5      | Reached XP level 1. HP: 23/23 MP: 1/1
    46 | D:5      | Reached XP level 2. HP: 7/29 MP: 1/3
    46 | D:5      | Reached XP level 3. HP: 9/35 MP: 1/4
   296 | D:5      | Reached skill level 1 in Short Blades
   296 | D:5      | Reached skill level 1 in Axes
   296 | D:5      | Reached skill level 1 in Maces & Flails
   296 | D:5      | Reached skill level 1 in Polearms
   296 | D:5      | Reached skill level 1 in Staves
   296 | D:5      | Reached skill level 1 in Slings
   296 | D:5      | Reached skill level 1 in Bows
   296 | D:5      | Reached skill level 1 in Crossbows
   296 | D:5      | Reached skill level 1 in Throwing
   296 | D:5      | Reached skill level 1 in Armour
   296 | D:5      | Reached skill level 1 in Shields
   296 | D:5      | Reached skill level 1 in Unarmed Combat
   296 | D:5      | Reached skill level 1 in Spellcasting
   296 | D:5      | Reached skill level 1 in Invocations
   296 | D:5      | Reached skill level 1 in Evocations
   296 | D:5      | Reached XP level 4. HP: 21/41 MP: 5/5
   470 | D:4      | Reached skill level 1 in Conjurations
   470 | D:4      | Reached skill level 1 in Hexes
   470 | D:4      | Reached skill level 1 in Summonings
   470 | D:4      | Reached skill level 1 in Necromancy
   470 | D:4      | Reached skill level 1 in Translocations
   470 | D:4      | Reached skill level 1 in Transmutations
   470 | D:4      | Reached skill level 1 in Fire Magic
   470 | D:4      | Reached skill level 1 in Ice Magic
   470 | D:4      | Reached skill level 1 in Air Magic
   470 | D:4      | Reached skill level 1 in Earth Magic
   470 | D:4      | Reached skill level 1 in Poison Magic
   651 | D:3      | Learned a level 1 spell: Shock
   753 | D:3      | Reached XP level 5. HP: 47/47 MP: 6/6
  2044 | D:2      | Noticed a black bear
  2047 | D:2      | Killed a black bear
  2048 | D:2      | Reached XP level 6. HP: 53/53 MP: 8/8
  2246 | D:2      | Noticed Natasha
  2260 | D:2      | Killed Natasha
  2496 | D:2      | Found an iron altar of Okawaru.
  2606 | D:2      | Noticed Natasha
  2615 | D:2      | Killed Natasha
  2616 | D:2      | Reached skill level 5 in Long Blades
  2616 | D:2      | Reached skill level 5 in Dodging
  2625 | D:2      | Noticed Natasha
  2635 | D:2      | Killed Natasha
  3226 | D:3      | You fall into a shaft and drop 3 floors!
  3232 | D:6      | Reached XP level 7. HP: 59/59 MP: 10/10
  3633 | D:5      | Found a sparkling altar of Nemelex Xobeh.
  4272 | D:5      | Found a stormy altar of Qazlal.
  4419 | D:4      | Noticed Blork the orc
  4434 | D:4      | Killed Blork the orc
  5003 | D:4      | Reached skill level 10 in Stealth
  5003 | D:4      | Reached XP level 8. HP: 67/67 MP: 12/12
  5082 | D:4      | HP: 2/67 [orc (4)]
  5083 | D:4      | Slain by an orc

Illustrated notes

Levels and vault maps discovered:
D:1:      lemuel_arrival_cross, layout_basic
D:2:      layout_loops_cross, basic_altar, uniq_crazy_yiuf_cottage, uniq_natasha
D:3:      layout_loops_ring, st_stairs_3, kennysheep_generic_room_16
D:4:      layout_loops_ring, minmay_temple_entry_enclosed_plants,
          uniq_blork_the_orc
D:5:      layout_layer_cave, nemelex_diamond_rough_becter, amcnicky_altar_gilded
D:6:      layout_gridville, minmay_bent

Skill      XL: |  1  2  3  4  5  6  7 |
---------------+----------------------+-----
Stealth        | 10 | 10.0
Short Blades   | 1 2 |  2.9
Axes           | 1 2 |  2.9
Maces & Flails | 1 2 |  2.9
Polearms       | 1 2 |  2.9
Staves         | 1 2 |  2.9
Slings         | 1 2 |  2.9
Bows           | 1 2 |  2.9
Crossbows      | 1 2 |  2.9
Throwing       | 1 2 |  2.9
Armour         | 1 2 |  2.9
Shields        | 1 2 |  2.9
Unarmed Combat | 1 2 |  2.9
Spellcasting   | 1 2 |  2.9
Invocations    | 1 2 3 |  3.2
Evocations     | 1 2 |  2.9
Conjurations   | 1 2 |  2.3
Hexes          | 1 2 |  2.3
Summonings     | 1 2 |  2.3
Necromancy     | 1 2 |  2.3
Translocations | 1 2 |  2.3
Transmutations | 1 2 |  2.3
Fire Magic     | 1 2 |  2.3
Ice Magic      | 1 2 |  2.3
Air Magic      | 1 2 |  2.3
Earth Magic    | 1 2 |  2.3
Poison Magic   | 1 2 |  2.3
Long Blades    | 5 |  5.4
Dodging        | 5 |  5.4
Fighting       | 7 |  7.2

Action                   |  1- 3 |  4- 6 |  7- 9 || total
-------------------------+-------+-------+-------++-------
Melee: Falchion          |    17 |    62 |       ||    79
       Bite              |     7 |    12 |    17 ||    36
       Dagger            |       |    98 |    80 ||   178
       Punch             |       |     1 |       ||     1
  Use: Potion            |       |       |     1 ||     1
 Stab: Sleeping          |       |    36 |     6 ||    42
Armor: Leather armour    |    12 |    27 |    13 ||    52
Dodge: Dodged            |    17 |    68 |    47 ||   132
Block: Kite shield       |       |       |    49 ||    49
       Rpst.: Falchion   |     5 |    13 |       ||    18

Table legend: (Time is in decaauts)
 A = Elapsed time spent in this place.
 B = Non-inter-level travel time spent in this place.
 C = Inter-level travel time spent in this place.
 D = Time resting spent in this place.
 E = Time spent auto-exploring this place.
 F = Levels seen in this place.
 G = Mean time per level.
                   A        B        C        D        E       F      G
               +--------+--------+--------+--------+--------+-----+--------+
         Total |   5110 |   5043 |     67 |    798 |   3500 |   6 |  851.7 |
       Dungeon |   5110 |   5043 |     67 |    798 |   3500 |   6 |  851.7 |
               +--------+--------+--------+--------+--------+-----+--------+

Top non-repeatable levels by time:
     D:5: 1582 daAuts
     D:2: 1055 daAuts
     D:4: 852 daAuts
     D:1: 812 daAuts
     D:3: 767 daAuts
     D:6: 40 daAuts
